 Dungeon Crawl Stone Soup version 0.30-a0-779-g7971cf19c3 (webtiles) character file.

Game seed: 4917151900251201736

2 jt the Caller (level 1, -2/13 HPs)
             Began as a Mummy Summoner on Feb 17, 2023.
             Slain by a quokka (4 damage)
             ... on level 1 of the Dungeon.
             The game lasted 00:00:33 (281 turns).

jt the Caller (Mummy Summoner)                       Turns: 281, Time: 00:00:34

Health: -2/13      AC:  2    Str: 11    XL:     1   Next: 25%
Magic:  0/4        EV: 12    Int: 14    God:
Gold:   24         SH:  0    Dex: 12    Spells: 4/5 levels left

rFire   x . .      SeeInvis .    (no weapon)
rCold   + . .      Faith    +    (no shield)
rNeg    + + +      Spirit   .    a - +0 robe
rPois   ∞          Reflect  .    (no helmet)
rElec   .          Harm     .    (no cloak)
rCorr   .          Rampage  .    (no gloves)
Will    .....                    (no boots)
Stlth   ++                       (no amulet)
HPRegen 0.22/turn                (no ring)
MPRegen 0.09/turn                (no ring)

@: no status effects
A: cold resistance 1, negative energy resistance 3, torment resistance 2, heat
vulnerability 1, no potions, faith
a: no special abilities


You were on level 1 of the Dungeon.
You visited 1 branch of the dungeon, and saw 1 of its levels.

You collected 24 gold pieces.

Inventory:

Armour
 a - a +0 robe (worn)
Scrolls
 b - 3 scrolls of identify {unknown}


   Skills:
 - Level 1.5 Dodging
 - Level 1.5 Stealth
 + Level 2.8 Spellcasting
 + Level 3.3 Summonings


You had 4 spell levels left.
You knew the following spells:

 Your Spells              Type           Power      Damage    Failure   Level
a - Summon Small Mammal   Summ           44%        N/A       5%          1

Your spell library contained the following spells:

 Spells                   Type           Power      Damage    Failure   Level
 Call Imp                 Summ           11%        N/A       9%          2
 Call Canine Familiar     Summ           11%        N/A       17%         3
 Summon Guardian Golem    Hex/Summ       6%         N/A       32%         3
 Summon Lightning Spire   Summ/Air       6%         N/A       73%         4


Dungeon Overview and Level Annotations

Branches:
Dungeon (1/15)

Altars:


Innate Abilities, Weirdness & Mutations

You are immune to poison.
Your flesh is cold resistant. (rC+)
You are immune to negative energy. (rN+++)
You are immune to unholy pain and torment.
You are vulnerable to heat. (rF-)
You do not drink.
You have a special connection with the divine. (Faith)


Message History

The quokka bites you.
You barely miss the quokka.
The quokka is lightly wounded.
The quokka bites you.
You hit the quokka but do no damage.
The quokka is lightly wounded.
The quokka closely misses you.
You closely miss the quokka.
The quokka is lightly wounded.
The quokka bites you but does no damage.
Casting: Summon Small Mammal (safe; 5% risk of failure)
Confirm with . or Enter, or press ? or * to list all spells.
The quokka bites you. x2
You are too injured to fight recklessly!
You are too injured to fight recklessly!
You are too injured to fight recklessly!
You miss the quokka.
The quokka is lightly wounded.
Your bat closely misses the quokka.
Your bat misses the quokka. The quokka completely misses you.
You barely miss the quokka.
The quokka is lightly wounded.
Your bat hits the quokka. The quokka bites you.
* * * LOW HITPOINT WARNING * * *
You barely miss the quokka.
The quokka is moderately wounded.
Your bat misses the quokka. The quokka barely misses you.
You barely miss the quokka.
The quokka is moderately wounded.
Your bat closely misses the quokka.
The quokka closely misses you.
You barely miss the quokka.
The quokka is moderately wounded.
The quokka bites you.
* * * LOW HITPOINT WARNING * * *
Your bat barely misses the quokka.
The quokka closely misses you.
You hit the quokka but do no damage.
The quokka is moderately wounded.
Your bat hits the quokka but does no damage.
The quokka bites you.
You die...

. #.# .. ### #.# #
.. #.. #.#.#
.#.####.###.#.# ..
..............#
#...###.##.###.###
......b.......b.#
..###.##.###.r#
....#.#....#.@#
#.#.#.#..#.#..#
#.#.#......#.#..#
#.#.###.##.#.#..#
.#.#.##.....#.#..#
.#.#.##..####.#..#
.........# #.#..#
...#.##.#####.#..#
##.......... ...S


You could see a quokka (ally target) and a friendly bat (summoned).

Vanquished Creatures (collateral kills)
  An endoplasm (D:1)
  A rat (D:1)
2 creatures vanquished.

Notes
Turn   | Place    | Note
-------+----------+-------------------------------------------
     0 | D:1      | jt the Mummy Summoner began the quest for the Orb.
     0 | D:1      | Reached XP level 1. HP: 13/13 MP: 4/4
   281 | D:1      | Slain by a quokka

Illustrated notes

Levels and vault maps discovered:
D:1:      dpeg_cavernosity, layout_basic, dreamdust_ecumenical_altar_statues

Action                     || total
---------------------------++-------
  Melee: Unarmed           ||    14
   Cast: Summon Small Mamm ||     9
 Armour: Robe              ||     3
  Dodge: Dodged            ||     8

Table legend: (Time is in decaauts)
 A = Elapsed time spent in this place.
 B = Non-inter-level travel time spent in this place.
 C = Inter-level travel time spent in this place.
 D = Time resting spent in this place.
 E = Time spent auto-exploring this place.
 F = Levels seen in this place.
 G = Mean time per level.
                   A        B        C        D        E       F      G
               +--------+--------+--------+--------+--------+-----+--------+
         Total |    281 |    281 |      0 |      0 |    229 |   1 |  281.0 |
       Dungeon |    281 |    281 |      0 |      0 |    229 |   1 |  281.0 |
               +--------+--------+--------+--------+--------+-----+--------+

Top non-repeatable levels by time:
     D:1: 281 daAuts
